 Dungeon Crawl Stone Soup version 0.31-a0-278-g485e682e34 (webtiles) character file.

Game seed: 13132478947080722714

184 AdnanSaban the Covered (level 5, -1/33 HPs)
             Began as a Gargoyle Fighter on July 15, 2023.
             Slain by an orc wizard
             ... wielding a +0 dagger
              (3 damage)
             ... on level 4 of the Dungeon.
             The game lasted 00:02:23 (1942 turns).

AdnanSaban the Covered (Gargoyle Fighter)           Turns: 1942, Time: 00:02:24

Health: -1/33      AC: 11    Str: 22    XL:     5   Next: 64%
Magic:  5/5        EV:  9    Int:  8    God:
Gold:   178        SH:  4    Dex:  9    Spells: 4/4 levels left

rFire   . . .        a - +0 flail
rCold   . . .        c - +0 buckler
rNeg    + . .        b - +0 scale mail
rPois   ∞            (no helmet)
rElec   +            (no cloak)
rCorr   .            (no gloves)
SInv    .            (no boots)
Will    .....        (no amulet) Stlth
                     (no ring)
HPRegen 0.25/turn    (no ring)
MPRegen 0.09/turn

%: no passive effects
@: very slow
A: sickness immunity, AC +4, negative energy resistance 1, electricity
resistance, torment resistance 1, petrification resistance
a: no special abilities


You were on level 4 of the Dungeon.
You visited 1 branch of the dungeon, and saw 4 of its levels.

You collected 178 gold pieces.

Inventory:

Hand Weapons
 a - a +0 flail (weapon)
Armour
 b - a +0 scale mail (worn)
 c - a +0 buckler (worn)
Talismans
 i - a beast talisman
Scrolls
 e - a scroll of enchant weapon {unknown}
 k - 3 scrolls of identify {unknown}
Potions
 d - a potion of might
 f - a potion of invisibility {unknown}
 g - a potion of degeneration {unknown}
 h - a potion of curing {unknown}
 j - a potion of mutation {unknown}


   Skills:
 + Level 4.1 Fighting
 + Level 4.1 Maces & Flails
 + Level 4.2 Armour
 + Level 0.2 Stealth
 + Level 4.0 Shields


You had 4 spell levels left.
You didn't know any spells.
Your spell library contained the following spells:

 Spells                   Type           Power      Damage    Failure   Level
 Foxfire                  Conj/Fire      0%         2x1d4     80%         1
 Necrotise                Necr           0%         1d4       80%         1
 Sandblast                Erth           0%         2d4       80%         1
 Blink                    Tloc           0%         N/A       90%         2
 Passwall                 Tmut/Erth      0%         N/A       90%         2
 Dazzling Flash           Conj/Hex       0%         N/A       99%         3
 Stone Arrow              Conj/Erth      0%         3d7       99%         3
 Vampiric Draining        Necr           0%         2d6       99%         3
 Volatile Blastmotes      Fire/Tloc      0%         2d10      99%         3
 Manifold Assault         Tloc           0%         N/A       100%        4
 Agony                    Necr           0%         N/A       100%        5
 Fireball                 Conj/Fire      0%         3d3       100%        5
 Iskenderun's Battlesphe  Conj           0%         2d6       100%        5
 Conjure Ball Lightning   Conj/Air       0%         3x3d6     100%        6
 Plasma Beam              Fire/Air       0%         2x1d10    100%        6
 Starburst                Conj/Fire      0%         6d3       100%        6
 Orb of Destruction       Conj           0%         9d5       100%        7
 Maxwell's Capacitive Co  Air            0%         ∞         100%        8


Dungeon Overview and Level Annotations

Branches:
Dungeon (4/15)
 Temple: D:4-7

Altars:
Sif Muna


Innate Abilities, Weirdness & Mutations

You are immune to sickness and miasma.
Your stone body is resilient. (AC +4)
You are immune to poison.
You resist negative energy. (rN+)
You are resistant to electric shocks. (rElec)
You are resistant to unholy torment.
You are immune to petrification.


Message History

The orc wizard barely misses you.
You miss the orc wizard.
You are engulfed in a cloud of scalding steam.
The orc wizard hits you with a +0 dagger. x2
Your unstable footing causes you to fumble your attack.
The orc wizard hits you but does no damage.
Your unstable footing causes you to fumble your attack.
The orc wizard barely misses you.
You hit the orc wizard but do no damage.
The orc wizard casts a spell.
The orc wizard flickers and vanishes!
Deactivating autopickup; reactivate with Ctrl-A.
Your unstable footing causes you to fumble your attack.
Something hits you.
You hear some strange, mumbled words.
You are confused.
You nearly stumble into some deep water!
Something hits you.
You nearly stumble into some deep water!
Something hits you.
You're too confused to move!
Something hits you but does no damage.
You completely miss something. Something hits you.
You nearly stumble into some deep water!
You feel less confused. Something hits you but does no damage.
You closely miss something. Something hits you but does no damage.
You barely miss something. Something hits you but does no damage.
You miss something.
You hear some strange, mumbled words.
A puff of flame appears from out of thin air!
The puff of flame hits you! Something hits you but does no damage.
You completely miss something.
You are engulfed in a cloud of scalding steam.
* * * LOW HITPOINT WARNING * * *
Something hits you but does no damage.
You hit something but do no damage.
You are engulfed in a cloud of scalding steam.
* * * LOW HITPOINT WARNING * * *
Something hits you.
You die...

≈≈### # ≈≈≈##
≈≈.###.≈≈##
#≈≈.##_##.≈≈#
##≈≈.#...#.≈≈##
#≈≈≈.#...#.≈≈≈#
#≈≈.##.##.≈≈##
#≈≈≈~#'#~≈≈≈#
#≈≈~8.8@≈≈###
##≈≈..{≈≈##.##
###8.8#####.##
#...#####..######
#8)8##....<.....#
##...#..........#
###.....<......#
###...........
#..........#


There were no monsters in sight!

Vanquished Creatures
  A scorpion (D:3)
  An iguana (D:3)
  4 adders
  2 worms
  2 dart slugs (D:2)
  An orc (D:4)
  3 ball pythons
  2 bats
  5 endoplasms
  3 giant cockroaches
  3 goblins
  2 hobgoblins
  8 jackals (D:2)
  4 quokkas
  5 frilled lizards
  6 kobolds
  4 rats
56 creatures vanquished.

Notes
Turn   | Place    | Note
-------+----------+-------------------------------------------
     0 | D:1      | AdnanSaban the Gargoyle Fighter began the quest for the
                  | Orb.
     0 | D:1      | Reached XP level 1. HP: 14/14 MP: 1/1
   137 | D:1      | Reached XP level 2. HP: 19/19 MP: 2/2
   191 | D:1      | Found a faded altar of an unknown god.
   716 | D:2      | Reached XP level 3. HP: 21/24 MP: 3/3
  1050 | D:2      | Reached XP level 4. HP: 24/29 MP: 4/4
  1530 | D:3      | Noticed a scorpion
  1535 | D:3      | Killed a scorpion
  1536 | D:3      | Reached XP level 5. HP: 31/33 MP: 5/5
  1913 | D:4      | Found a shimmering blue altar of Sif Muna.
  1942 | D:4      | Slain by an orc wizard

Illustrated notes

Levels and vault maps discovered:
D:1:      lemuel_arrival_lava_pool, layout_loops_ring,
          shapermc_ecumenical_altar_notcrosses
D:2:      layout_basic, kennysheep_nondescript, amethyst_killhole
D:3:      layout_rooms
D:4:      cheibrodos_pilgrimage, layout_cave_pods,
          mainiacjoe_overflow_small_starburst, kennysheep_orc_sif_temple,
          due_unseen_surprise, uniq_eustachio

Skill      XL: |  1  2  3  4  5 |
---------------+----------------+-----
Maces & Flails | 3 4 |  4.1
Fighting       | 4 |  4.1
Armour         | 4 |  4.2
Shields        | 4 |  4.0
Stealth        | |  0.2

Action                     |  1- 3 |  4- 6 || total
---------------------------+-------+-------++-------
  Melee: Flail             |   128 |    85 ||   213
 Armour: Scale mail        |    74 |    46 ||   120
  Dodge: Dodged            |    76 |    40 ||   116
  Block: Buckler           |    27 |    18 ||    45

Table legend: (Time is in decaauts)
 A = Elapsed time spent in this place.
 B = Non-inter-level travel time spent in this place.
 C = Inter-level travel time spent in this place.
 D = Time resting spent in this place.
 E = Time spent auto-exploring this place.
 F = Levels seen in this place.
 G = Mean time per level.
                   A        B        C        D        E       F      G
               +--------+--------+--------+--------+--------+-----+--------+
         Total |   2004 |   1958 |     46 |      0 |   1500 |   4 |  501.0 |
       Dungeon |   2004 |   1958 |     46 |      0 |   1500 |   4 |  501.0 |
               +--------+--------+--------+--------+--------+-----+--------+

Top non-repeatable levels by time:
     D:2: 785 daAuts
     D:1: 688 daAuts
     D:3: 473 daAuts
     D:4: 57 daAuts
